Workbook

Sheet Sprint Data
A1: Sprint Corporation
A2: Balance Sheet
A3: Period Ending | B3: 42825 | D3: 42460 | F3: 42094
A4: Current Assets
A5: Cash And Cash Equivalents | B5: 2870000 | C5: =B5/B18 -> 0.033715917 | D5: 2641000 | E5: =D5/D18 -> 0.033440962 | F5: 4010000 | G5: =F5/F18 -> 0.048405983
A6: Short Term Investments | B6: 5444000 | C6: =B6/B18 -> 0.063954513 | D6: - | F6: 166000 | G6: =F6/F18 -> 0.0020038387
A7: Net Receivables | B7: 4138000 | C7: =B7/B18 -> 0.048612009 | D7: 1099000 | E7: =D7/D18 -> 0.013915796 | F7: 2352000 | G7: =F7/F18 -> 0.028391738
A8: Inventory | B8: 1064000 | C8: =B8/B18 -> 0.012499559 | D8: 1173000 | E8: =D8/D18 -> 0.014852802 | F8: 1359000 | G8: =F8/F18 -> 0.01640492
A9: Other Current Assets | B9: 601000 | C9: =B9/B18 -> 0.0070603715 | D9: 1920000 | E9: =D9/D18 -> 0.024311491 | F9: 1890000 | G9: =F9/F18 -> 0.02281479
A10: Total Current Assets | B10: 14117000 | C10: =B10/B18 -> 0.16584237 | D10: 6833000 | E10: =D10/D18 -> 0.086521051 | F10: 9777000 | G10: =F10/F18 -> 0.11802127
A11: Long Term Investments | B11: - | D11: - | F11: -
A12: Property Plant and Equipment | B12: 19209000 | C12: =B12/B18 -> 0.22566169 | D12: 20297000 | E12: =D12/D18 -> 0.25700538 | F12: 19721000 | G12: =F12/F18 -> 0.23805845
A13: Goodwill | B13: 6579000 | C13: =B13/B18 -> 0.077288159 | D13: 6575000 | E13: =D13/D18 -> 0.083254194 | F13: 6575000 | G13: =F13/F18 -> 0.079368912
A14: Intangible Assets | B14: 43905000 | C14: =B14/B18 -> 0.51578304 | D14: 44542000 | E14: =D14/D18 -> 0.56400127 | F14: 45880000 | G14: =F14/F18 -> 0.55383204
A15: Accumulated Amortization | B15: - | D15: - | F15: -
A16: Other Assets | B16: 1313000 | C16: =B16/B18 -> 0.015424738 | D16: 728000 | E16: =D16/D18 -> 0.009218107 | F16: 888000 | G16: =F16/F18 -> 0.01071933
A17: Deferred Long Term Asset Charges | B17: - | D17: - | F17: -
A18: Total Assets | B18: 85123000 | C18: =B18/B18 -> 1 | D18: 78975000 | E18: =D18/D18 -> 1 | F18: 82841000 | G18: =F18/F18 -> 1
A19: Current Liabilities
A20: Accounts Payable | B20: 7422000 | C20: =B20/B29 -> 0.11192038 | D20: 7273000 | E20: =D20/D29 -> 0.12287133 | F20: 9640000 | G20: =F20/F29 -> 0.15769413
A21: Short/Current Long Term Debt | B21: 5036000 | C21: =B21/B29 -> 0.075940587 | D21: 4690000 | E21: =D21/D29 -> 0.07923368 | F21: 1300000 | G21: =F21/F29 -> 0.021265806
A22: Other Current Liabilities | B22: - | D22: - | F22: -
A23: Total Current Liabilities | B23: 12458000 | C23: =B23/B29 -> 0.18786097 | D23: 11963000 | E23: =D23/D29 -> 0.20210501 | F23: 10940000 | G23: =F23/F29 -> 0.17895994
A24: Long Term Debt | B24: 35878000 | C24: =B24/B29 -> 0.5410239 | D24: 29268000 | E24: =D24/D29 -> 0.49445871 | F24: 32342000 | G24: =F24/F29 -> 0.52906054
A25: Other Liabilities | B25: 3563000 | C25: =B25/B29 -> 0.053728417 | D25: 4002000 | E25: =D25/D29 -> 0.067610488 | F25: 3951000 | G25: =F25/F29 -> 0.064631693
A26: Deferred Long Term Liability Charges | B26: 14416000 | C26: =B26/B29 -> 0.21738671 | D26: 13959000 | E26: =D26/D29 -> 0.23582579 | F26: 13898000 | G26: =F26/F29 -> 0.22734783
A27: Minority Interest | B27: - | D27: - | F27: -
A28: Negative Goodwill | B28: - | D28: - | F28: -
A29: Total Liabilities | B29: 66315000 | C29: =B29/B29 -> 1 | D29: 59192000 | E29: =D29/D29 -> 1 | F29: 61131000 | G29: =F29/F29 -> 1
A30: Stockholders' Equity
A31: Misc. Stocks Options Warrants | B31: - | D31: - | F31: -
A32: Redeemable Preferred Stock | B32: - | D32: - | F32: -
A33: Preferred Stock | B33: - | D33: - | F33: -
A34: Common Stock | B34: 40000 | C34: =B34/B41 -> 0.0021267546 | D34: 40000 | E34: =D34/D41 -> 0.002021938 | F34: 40000 | G34: =F34/F41 -> 0.0018424689
A35: Retained Earnings | B35: -8584000 | C35: =B35/B41 -> -0.45640153 | D35: -7378000 | E35: =D35/D41 -> -0.37294647 | F35: -5383000 | G35: =F35/F41 -> -0.24795025
A36: Treasury Stock | B36: - | D36: -3000 | E36: =D36/D41 -> -0.00015164535 | F36: -7000 | G36: =F36/F41 -> -0.00032243206
A37: Capital Surplus | B37: 27756000 | C37: =B37/B41 -> 1.475755 | D37: 27563000 | E37: =D37/D41 -> 1.3932669 | F37: 27468000 | G37: =F37/F41 -> 1.2652234
A38: Other Stockholder Equity | B38: -404000 | C38: =B38/B41 -> -0.021480221 | D38: -439000 | E38: =D38/D41 -> -0.02219077 | F38: -408000 | G38: =F38/F41 -> -0.018793183
A39: Total Common Equity | B39: =B18-B29 -> 18808000 | D39: =D18-D29 -> 19783000 | F39: =F10-F18 -> -73064000
A40: # of shares outstanding | B40: 40000 | D40: =D34-(D36) -> 43000 | F40: =F34-F36 -> 47000
A41: Total Stockholder Equity | B41: 18808000 | C41: =B41/B41 -> 1 | D41: 19783000 | E41: =D41/D41 -> 1 | F41: 21710000 | G41: =F41/F41 -> 1
A42: Net Tangible Assets | B42: -31676000 | D42: -31334000 | F42: -30745000
A45: Sprint
A46: Income Statement
A47: Revenue | B47: 42825 | D47: 42460 | F47: 42094
A48: Total Revenue | B48: 33347000 | C48: =B48/B48 -> 1 | D48: 32180000 | E48: =D48/D48 -> 1 | F48: 34532000
A49: Cost of Revenue | B49: 14938000 | C49: =B49/B48 -> 0.44795634 | D49: 15234000 | E49: =D49/D48 -> 0.47339963 | F49: 18969000
A50: Gross Profit | B50: 18409000 | C50: =B50/B48 -> 0.55204366 | D50: 16946000 | E50: =D50/D48 -> 0.52660037 | F50: 15563000
A51: Operating Expenses
A52: Research Development | B52: - | D52: - | F52: -
A53: Selling General and Administrative | B53: 8495000 | C53: =B53/B48 -> 0.25474555 | D53: 9548000 | E53: =D53/D48 -> 0.29670603 | F53: 9976000
A54: Non Recurring | B54: - | D54: - | F54: 2133000
A55: Others | B55: 8150000 | C55: =B55/B48 -> 0.2443998 | D55: 7088000 | E55: =D55/D48 -> 0.22026103 | F55: 5349000
A56: Total Operating Expenses | B56: - | D56: - | F56: -
A57: Operating Income or Loss | B57: 1764000 | C57: =B57/B48 -> 0.052898312 | D57: 310000 | E57: =D57/D48 -> 0.0096333126 | F57: -1895000
A58: Income from Continuing Operations
A59: Total Other Income/Expenses Net | B59: -40000 | C59: =B59/B48 -> -0.0011995082 | D59: 18000 | E59: =D59/D48 -> 0.00055935364 | F59: 27000 | G59: =F59/F48 -> 0.00078188347
A60: Earnings Before Interest and Taxes | B60: 1724000 | C60: =B60/B48 -> 0.051698803 | D60: 328000 | E60: =D60/D48 -> 0.010192666 | F60: -1868000 | G60: =F60/F48 -> -0.054094753
A61: Interest Expense | B61: 2495000 | C61: =B61/B48 -> 0.074819324 | D61: 2182000 | E61: =D61/D48 -> 0.067806091 | F61: 2051000 | G61: =F61/F48 -> 0.059394185
A62: Income Before Tax | B62: -771000 | C62: =B62/B48 -> -0.023120521 | D62: -1854000 | E62: =D62/D50 -> -0.10940635 | F62: -3919000 | G62: =F62/F48 -> -0.11348894
A63: Income Tax Expense | B63: 435000 | C63: =B63/B48 -> 0.013044652 | D63: 141000 | E63: =D63/D48 -> 0.0043816035 | F63: -574000 | G63: =F63/F48 -> -0.016622263
A64: Minority Interest | B64: - | D64: - | F64: -
A65: Net Income From Continuing Ops | B65: -1206000 | D65: -1995000 | F65: -3345000
A66: Non-recurring Events
A67: Discontinued Operations | B67: - | D67: - | F67: -
A68: Extraordinary Items | B68: - | D68: - | F68: -
A69: Effect Of Accounting Changes | B69: - | D69: - | F69: -
A70: Other Items | B70: - | D70: - | F70: -
A71: Net Income
A72: Net Income | B72: -1206000 | D72: -1995000 | F72: -3345000
A73: Preferred Stock And Other Adjustments | B73: - | D73: - | F73: -
A74: Net Income Applicable To Common Shares | B74: -1206000 | D74: -1995000 | F74: -3345000

Sheet Sprint Ratios
B1: 42825 | C1: 42460 | D1: 42094
A2: Liquidity
A3: Current Ratio | B3: =B4/B5 -> 1.1331674 | C3: =C4/C5 -> 0.5711778 | D3: =D4/D5 -> 0.89369287
A4: Current Assets | B4: ='Sprint Data'!B10 -> 14117000 | C4: ='Sprint Data'!D10 -> 6833000 | D4: ='Sprint Data'!F10 -> 9777000
A5: Current Liabilities | B5: ='Sprint Data'!B23 -> 12458000 | C5: ='Sprint Data'!D23 -> 11963000 | D5: ='Sprint Data'!F23 -> 10940000
A6: Quick Ratio | B6: =(B9-B7)/B8 -> 1.0477605 | C6: =(C9-C7)/C8 -> 0.47312547 | D6: =(D9-D7)/D8 -> 0.76946984
A7: Inventories | B7: ='Sprint Data'!B8 -> 1064000 | C7: ='Sprint Data'!D8 -> 1173000 | D7: ='Sprint Data'!F8 -> 1359000
A8: Current Liabilities | B8: =B5 -> 12458000 | C8: =C5 -> 11963000 | D8: =D5 -> 10940000
A9: Current Assets | B9: =B4 -> 14117000 | C9: =C4 -> 6833000 | D9: =D4 -> 9777000
A11: Asset Management
A12: Inventory Turnover | B12: =B13/B14 -> 31.341165 | C12: =C13/C14 -> 27.43393 | D12: =D13/D14 -> 25.40986
A13: Sales | B13: ='Sprint Data'!B48 -> 33347000 | C13: ='Sprint Data'!D48 -> 32180000 | D13: ='Sprint Data'!F48 -> 34532000
A14: Inventories | B14: =B7 -> 1064000 | C14: =C7 -> 1173000 | D14: =D7 -> 1359000
A15: Days Sales Outstanding (DSO) | B15: =(B16/B17)/365 -> 0.00061583933 | C15: =(C16/C17)/365 -> 0.00017767962 | D15: =D16/D17/365 -> 0.00041404842
A16: A/R | B16: ='Sprint Data'!B7 -> 4138000 | C16: ='Sprint Data'!D7 -> 1099000 | D16: ='Sprint Data'!F7 -> 2352000
A17: Annual Sales | B17: ='Sprint Data'!B50 -> 18409000 | C17: ='Sprint Data'!D50 -> 16946000 | D17: ='Sprint Data'!F50 -> 15563000
A18: Fixed Assets Turnover | B18: =B19/B20 -> 1.7360092 | C18: =C19/C20 -> 1.585456 | D18: =D19/D20 -> 1.7510268
A19: Sales | B19: =B13 -> 33347000 | C19: =C13 -> 32180000 | D19: =D13 -> 34532000
A20: Net Fixed Assets | B20: ='Sprint Data'!B12 -> 19209000 | C20: ='Sprint Data'!D12 -> 20297000 | D20: ='Sprint Data'!F12 -> 19721000
A21: Total Assets turnover | B21: =B23/B22 -> 0.39175076 | C21: =C23/C22 -> 0.40747072 | D21: =D23/D22 -> 0.41684673
A22: Total Assets | B22: =B51 -> 85123000 | C22: =C51 -> 78975000 | D22: =D51 -> 82841000
A23: Sales | B23: =B36 -> 33347000 | C23: =C39 -> 32180000 | D23: =D39 -> 34532000
A25: Debt Management
A26: Total debt to capital | B26: =B27/B28 -> 0.77904914 | C26: =C27/C28 -> 0.74950301 | D26: =D27/D28 -> 0.7379317
A27: Total debt | B27: ='Sprint Data'!B29 -> 66315000 | C27: ='Sprint Data'!D29 -> 59192000 | D27: ='Sprint Data'!F29 -> 61131000
A28: Total capital | B28: ='Sprint Data'!B41+'Sprint Data'!B29 -> 85123000 | C28: ='Sprint Data'!D41+'Sprint Data'!D29 -> 78975000 | D28: ='Sprint Data'!F41+'Sprint Data'!F29 -> 82841000
A29: Times-interest-earned (TIE) | B29: =B30/B31 -> 0.69098196 | C29: =C30/C31 -> 0.15032081 | D29: =D30/D31 -> -0.91077523
A30: EBIT | B30: ='Sprint Data'!B60 -> 1724000 | C30: ='Sprint Data'!D60 -> 328000 | D30: ='Sprint Data'!F60 -> -1868000
A31: Interest charges | B31: ='Sprint Data'!B61 -> 2495000 | C31: ='Sprint Data'!D61 -> 2182000 | D31: ='Sprint Data'!F61 -> 2051000
A33: Profitability
A34: Operating margin | B34: =B35/B36 -> 0.051698803 | C34: =C35/C36 -> 0.010192666 | D34: =D35/D36 -> -0.054094753
A35: Operating Income (EBIT) | B35: =B30 -> 1724000 | C35: =C30 -> 328000 | D35: =D30 -> -1868000
A36: Sales | B36: =B19 -> 33347000 | C36: =C19 -> 32180000 | D36: =D19 -> 34532000
A37: Profit margin | B37: =B38/B39 -> -0.036165172 | C37: =C38/C39 -> -0.061995028 | D37: =D38/D39 -> -0.096866674
A38: Net Income | B38: =B41 -> -1206000 | C38: =C41 -> -1995000 | D38: =D41 -> -3345000
A39: Sales | B39: =B36 -> 33347000 | C39: =C36 -> 32180000 | D39: =D36 -> 34532000
A40: Return on total assets (ROA) | B40: =B41/B42 -> -0.014167734 | C40: =C41/C42 -> -0.025261159 | D40: =D41/D42 -> -0.040378557
A41: Net Income | B41: =B44 -> -1206000 | C41: =C44 -> -1995000 | D41: =D44 -> -3345000
A42: Total Assets | B42: =B22 -> 85123000 | C42: =C22 -> 78975000 | D42: =D22 -> 82841000
A43: Return on common equity (ROE) | B43: =B44/B45 -> -0.043450065 | C43: =C44/C45 -> -0.072379639 | D43: =D44/D45 -> -0.12177807
A44: Net Income | B44: ='Sprint Data'!B72 -> -1206000 | C44: ='Sprint Data'!D72 -> -1995000 | D44: ='Sprint Data'!F72 -> -3345000
A45: Common Equity | B45: ='Sprint Data'!B37 -> 27756000 | C45: ='Sprint Data'!D37 -> 27563000 | D45: ='Sprint Data'!F37 -> 27468000
A46: Return on invested capital (ROIC) | B46: =B47/B48 -> -39873.366 | C46: =C47/C48 -> -2337.7482 | D46: =D47/D48 -> -49388.939
A47: EBIT (1-T) | B47: =B50*(1-'Sprint Data'!B63) -> -749938276000 | C47: =C50*(1-'Sprint Data'!D63) -> -46247672000 | D47: =D50*(1-'Sprint Data'!F63) -> -1072233868000
A48: Total Invested Capital | B48: ='Sprint Data'!B41 -> 18808000 | C48: ='Sprint Data'!D41 -> 19783000 | D48: ='Sprint Data'!F41 -> 21710000
A49: Basic Earning Power (BEP) | B49: =B50/B51 -> 0.020253046 | C49: =C50/C51 -> 0.004153213 | D49: =D50/D51 -> -0.022549221
A50: (EBIT) | B50: =B30 -> 1724000 | C50: =C30 -> 328000 | D50: =D30 -> -1868000
A51: Total Assets | B51: ='Sprint Data'!B18 -> 85123000 | C51: ='Sprint Data'!D18 -> 78975000 | D51: ='Sprint Data'!F18 -> 82841000
A53: Market Value
A54: Price/Earnings (P/E) | B54: =B55/B56 -> -15.595357 | C54: =C55/C56 -> -10.660013 | D54: =D55/D56 -> 25.665232
A55: Price per share | B55: ='Sprint Data'!B39/'Sprint Data'!B34 -> 470.2 | C55: ='Sprint Data'!D39/'Sprint Data'!D34 -> 494.575 | D55: ='Sprint Data'!F39/'Sprint Data'!F34 -> -1826.6
A56: Earning per share | B56: =B38/'Sprint Data'!B40 -> -30.15 | C56: =C44/'Sprint Data'!D40 -> -46.395349 | D56: ='Sprint Ratios'!D38/'Sprint Data'!F40 -> -71.170213
A57: Market/Book (M/B) | B57: =B58/B59 -> 1 | C57: =C58/C59 -> 1 | D57: =D58/D59 -> -0.29713676
A58: Market price per share | B58: ='Sprint Data'!B41/'Sprint Data'!B40 -> 470.2 | C58: ='Sprint Data'!D41/'Sprint Data'!D40 -> 460.06977 | D58: ='Sprint Data'!F41/'Sprint Data'!F40 -> 461.91489
A59: Book value per share | B59: ='Sprint Data'!B39/'Sprint Data'!B40 -> 470.2 | C59: ='Sprint Data'!D39/'Sprint Data'!D40 -> 460.06977 | D59: ='Sprint Data'!F39/'Sprint Data'!F40 -> -1554.5532

Sheet Gordon Model
B2: Gordon Growth Model
B4: stock
B5: current year
B7: dividend information
